 Dungeon Crawl Stone Soup version 0.22.1-1-ga44c0e5 (webtiles) character file.

4074 MalarOregon the Nimble (level 10, -1/77 HPs)
             Began as a Merfolk Ice Elementalist on Nov 9, 2018.
             Was a Follower of Nemelex Xobeh.
             Killed by divine providence
             ... invoked by an orc priest
              (11 damage)
             ... on level 9 of the Dungeon on Nov 10, 2018.
             The game lasted 00:38:49 (10584 turns).

MalarOregon the Nimble (Merfolk Ice Elementalist)  Turns: 10584, Time: 00:38:50

Health: -1/77      AC:  9    Str: 10    XL:     10   Next: 25%
Magic:  0/14       EV: 15    Int: 25    God:    Nemelex Xobeh [*.....]
Gold:   418        SH:  0    Dex: 14    Spells: 4/15 levels left

rFire    . . .     SeeInvis .   y - +1 trident
rCold    + + +     Gourm    .   (no shield)
rNeg     . . .     Faith    .   q - +1 ring mail of Marbles {rC+++ Int+5 Stlth-}
rPois    .         Spirit   +   J - +1 helmet
rElec    .         Reflect  .   (no cloak)
rCorr    .         Harm     .   (no gloves)
MR       +....                  k - +0 pair of boots
Stlth    +.........             G - amulet of guardian spirit
HPRegen  0.22/turn              j - +3 ring of intelligence
MPRegen  0.14/turn              l - ring of protection from magic

@: no status effects
A: change form in water, swift swim, stealthy swim
a: Renounce Religion


You were on level 9 of the Dungeon.
You worshipped Nemelex Xobeh.
Nemelex Xobeh was aware of your devotion.
You were not hungry.

You visited 2 branches of the dungeon, and saw 10 of its levels.

You collected 418 gold pieces.

Inventory:

Hand Weapons
 y - a +1 trident (weapon)
   (You found it on level 6 of the Dungeon)
Missiles
 t - 8 tomahawks (quivered)
 z - 8 poisoned needles
Armour
 k - a +0 pair of boots (worn)
   (You found it on level 1 of the Dungeon)
 q - the +1 ring mail of Marbles (worn) {rC+++ Int+5 Stlth-}
   (You found it on level 7 of the Dungeon)

   It affects your intelligence (+5).
   It renders you almost immune to cold.
   It makes you less stealthy.
 J - a +1 helmet (worn)
   (You found it on level 8 of the Dungeon)
Jewellery
 j - a +3 ring of intelligence (left hand)
   (You found it on level 1 of the Dungeon)
 l - a ring of protection from magic (right hand)
   (You found it on level 3 of the Dungeon)
 o - an uncursed ring of protection from cold
   (You found it on level 3 of the Dungeon)
 p - an uncursed ring of poison resistance
   (You took it off a goblin on level 2 of the Dungeon)
 u - an uncursed ring of positive energy
   (You found it on level 3 of the Dungeon)
 G - an amulet of guardian spirit (around neck)
   (You found it on level 1 of the Dungeon)
Wands
 d - a wand of iceblast (5)
   (You found it on level 7 of the Dungeon)
 v - a wand of digging (7)
   (You found it on level 8 of the Dungeon)
Scrolls
 b - 2 scrolls of amnesia
 g - 3 scrolls of fog
 r - 4 scrolls of teleportation {@r4}
 s - a scroll of remove curse {@r2}
 A - a scroll of identify {@r1}
 B - 2 scrolls of noise {unknown}
 E - a scroll of vulnerability {!r}
 H - a scroll of enchant armour
 I - a scroll of fear {unknown}
 K - a scroll of magic mapping
Potions
 a - 3 potions of degeneration {!q}
 f - a potion of curing {unknown}
 h - 4 potions of heal wounds {@q2}
 i - a potion of brilliance
 m - 2 potions of lignification {!q}
 w - a potion of magic
 x - a potion of resistance {unknown}
 C - 2 potions of invisibility {unknown}
 F - a potion of cancellation {unknown}
Miscellaneous
 c - an ornate deck of summoning {drawn: 3}
   (Nemelex Xobeh gifted it to you on level 5 of the Dungeon)
 D - a plain deck of escape
   (Nemelex Xobeh gifted it to you on level 7 of the Dungeon)
Comestibles
 e - 11 rations {!d}
 n - 5 chunks of flesh


   Skills:
 + Level 6.8 Fighting
 + Level 4.9 Polearms
 - Level 2.0 Armour
 + Level 9.3 Dodging
 - Level 3.0 Stealth
 - Level 3.0 Spellcasting
 - Level 2.0 Conjurations
   Level 4.0 Charms
 + Level 8.1 Ice Magic
 + Level 3.9 Invocations
 + Level 3.1 Evocations


You had 4 spell levels left.
You knew the following spells:

 Your Spells              Type           Power        Failure   Level  Hunger
a - Freeze                Ice            ####         1%          1    None
c - Throw Icicle          Conj/Ice       ####....     30%         4    ####...
d - Summon Ice Beast      Ice/Summ       ###.....     43%         4    ####...
x - Throw Frost           Conj/Ice       ####..       4%          2    ##.....

Your spell library contained the following spells:

 Spells                   Type           Power        Failure   Level  Hunger
 Ozocubu's Armour         Chrm/Ice       ####....     6%          3    ###....
 Animate Skeleton         Necr           N/A          26%         1    None
 Apportation              Tloc           #.....       26%         1    None
 Confusing Touch          Hex            #.....       26%         1    None
 Summon Small Mammal      Summ           #...         26%         1    None
 Call Imp                 Summ           #.......     36%         2    ##.....
 Call Canine Familiar     Summ           #.......     58%         3    ###....
 Confuse                  Hex            #.......     58%         3    ###....
 Gell's Gravitas          Tloc           #.........   58%         3    ###....
 Summon Guardian Golem    Hex/Summ       #.......     58%         3    ###....
 Petrify                  Tmut/Erth      #.......     94%         4    ####...
 Summon Lightning Spire   Summ/Air       #.......     94%         4    ####...
 Metabolic Englaciation   Hex/Ice        ###.......   80%         5    ######.
 Yara's Violent Unravell  Hex/Tmut       #.........   100%        5    ######.


Dungeon Overview and Level Annotations

Branches:
Dungeon (9/15)             Temple (1/1) D:4            Lair (0/6) D:9
    Orc: D:9-12

Altars:
Ashenzari
Cheibriados
Dithmenos
Elyvilon
Fedhas
Gozag
Hepliaklqana
Makhleb
Nemelex Xobeh
Okawaru
Qazlal
Ru
Sif Muna
Trog
Uskayaw
Vehumet
Wu Jian
Xom
Yredelemnul
Zin
The Shining One


Message History

The orc priest miscasts a cantrip.
Aim: an orc priest, wielding a whip, wearing a leather armour and wearing a You freeze the orc priest.
The orc warrior throws a tomahawk.
The tomahawk hits you.
Aim: an orc priest, wielding a whip, wearing a leather armour and wearing a You freeze the orc priest.
You kill the orc priest!
The orc warrior throws a tomahawk.
The tomahawk hits you!
The orc warrior throws a tomahawk.
The tomahawk closely misses you.
The orc warrior throws a tomahawk.
The tomahawk hits you.
An orc wizard comes into view. It is wielding a dagger.
You see here 2 tomahawks.
You start resting.
The orc warrior is too close now for your liking.
Attack whom?
Aim: an orc warrior, wielding a war axe and wearing a chain mail You reach to attack!
You hit the orc warrior.
Aim: an orc warrior, wielding a war axe and wearing a chain mail (lightly You freeze the orc warrior.
The orc warrior barely misses you.
Aim: an orc warrior, wielding a war axe and wearing a chain mail (moderately You freeze the orc warrior.
The orc warrior hits you with a war axe!
* * * LOW HITPOINT WARNING * * *
Aim: an orc warrior, wielding a war axe and wearing a chain mail (heavily You freeze the orc warrior.
The orc warrior closely misses you.
You hit the orc warrior. You puncture the orc warrior!
You kill the orc warrior!
The orc wizard gestures wildly while chanting.
The orc wizard blinks!
The orc warrior completely misses you. The orc wizard barely misses you.
You closely miss the orc wizard. The orc wizard misses you.
Aim: an orc wizard, wielding a dagger and wearing a robe You freeze the orc wizard.
The orc warrior hits you with a battleaxe of pain!
* * * LOW HITPOINT WARNING * * *
You writhe in agony.
* * * LOW HITPOINT WARNING * * *
The orc priest mumbles some strange prayers to Beogh against you.
Beogh smites you!
* * * LOW HITPOINT WARNING * * *
The orc wizard barely misses you.
You barely miss the orc wizard.
The orc warrior hits you with a battleaxe of pain.
* * * LOW HITPOINT WARNING * * *
The orc wizard closely misses you.
The orc priest calls down the wrath of Beogh upon you.
Beogh smites you!
You die...
Your body glows slightly and disappears. ... oo.

#o# ####..# #o.()#
### #o#### .. #o# .
#o# ### #@# #..
#o## #.. #..# ###..
###.### #....
#.>...# #.##.
#..>..# #.##.
#..<..# ####)##.
#.....######....#..
#.........##......#


You could see an orc warrior, an orc priest, an orc wizard and 2 orcs.

Vanquished Creatures
  Psyche (D:8)
  The ghost of harcile the Shield-Bearer, an amateur HOFi (D:5)
  Prince Ribbit (D:8)
  A hippogriff (D:9)
  3 yaks (D:8)
  2 orc warriors (D:9)
  3 ice beasts
  3 sky beasts
  2 black bears (D:9)
  3 ogres
  A centaur (D:5)
  2 big kobolds
  A bullfrog (D:9)
  A wyvern skeleton (D:9)
  2 scorpions
  2 crimson imps
  A bullfrog zombie (D:4)
  5 hounds
  A bullfrog skeleton (D:8)
  5 orc priests
  4 iguanas
  2 orc wizards
  4 worker ants
  A worker ant zombie (D:5)
  7 gnolls
  11 adders
  4 shadow imps
  3 adder skeletons
  A worm (D:2)
  4 dart slugs
  A leopard gecko (D:8)
  27 orcs
  3 ball pythons
  7 bats
  6 giant cockroaches
  9 goblins
  8 hobgoblins
  6 jackals
  6 quokkas
  10 frilled lizards
  20 kobolds
  3 rats
  A fungus (D:9)
189 creatures vanquished.

Vanquished Creatures (collateral kills)
  A yak (D:8)
  A phantom (D:5)
2 creatures vanquished.

Vanquished Creatures (others)
  A fungus (D:9)
1 creature vanquished.

Grand Total: 192 creatures vanquished

Notes
Turn   | Place    | Note
-------+----------+-------------------------------------------
     0 | D:1      | MalarOregon the Merfolk Ice Elementalist began the quest
                  | for the Orb.
     0 | D:1      | Reached XP level 1. HP: 13/13 MP: 3/3
   168 | D:1      | Reached skill level 3 in Dodging
   303 | D:1      | Reached XP level 2. HP: 19/19 MP: 1/5
  1273 | D:2      | Reached XP level 3. HP: 24/24 MP: 2/6
  1379 | D:2      | Reached skill level 4 in Dodging
  1455 | D:1      | Learned a level 3 spell: Ozocubu's Armour
  1459 | D:1      | Learned a level 2 spell: Throw Frost
  1720 | D:2      | Reached XP level 4. HP: 31/31 MP: 3/7
  1732 | D:2      | Reached skill level 1 in Conjurations
  2401 | D:3      | Reached skill level 1 in Fighting
  2401 | D:3      | Reached skill level 1 in Charms
  2401 | D:3      | Reached XP level 5. HP: 37/37 MP: 3/8
  2647 | D:3      | Reached skill level 1 in Armour
  2945 | D:3      | Found an opulent altar of Gozag.
  2946 | D:3      | Found a snail-covered altar of Cheibriados.
  2946 | D:3      | Found a glowing silver altar of Zin.
  2947 | D:3      | Found a burning altar of Makhleb.
  2947 | D:3      | Found a hide-covered altar of Uskayaw.
  2948 | D:3      | Found a sacrificial altar of Ru.
  3010 | D:2      | Reached XP level 6. HP: 9/43 MP: 0/9
  3822 | D:4      | Reached skill level 5 in Dodging
  3963 | D:4      | Found a staircase to the Ecumenical Temple.
  4015 | D:4      | Got a jewelled war axe
  4016 | D:4      | Identified the +4 war axe "Maudwimy" {freeze, rPois rF+
                  | Int+3} (You found it on level 4 of the Dungeon)
  4275 | Temple   | Entered the Ecumenical Temple
  4474 | Temple   | Became a worshipper of Nemelex Xobeh the Trickster
  4518 | D:5      | Entered Level 5 of the Dungeon
  4526 | D:5      | Received a gift from Nemelex Xobeh
  4527 | D:5      | Noticed a sky beast
  4534 | D:5      | Killed a sky beast
  4534 | D:5      | Reached XP level 7. HP: 45/50 MP: 3/10
  4647 | D:5      | Reached skill level 5 in Ice Magic
  5070 | D:5      | Noticed harcile's ghost (amateur HOFi)
  5157 | D:5      | Found a runed gate.
  5158 | D:5      | Found a runed gate.
  5159 | D:5      | Found a runed gate.
  5201 | D:5      | Killed harcile's ghost
  5201 | D:5      | Reached skill level 6 in Dodging
  5201 | D:5      | Reached XP level 8. HP: 34/58 MP: 6/11
  6061 | D:6      | Reached skill level 7 in Dodging
  6248 | D:6      | Reached * piety under Nemelex Xobeh
  6253 | D:6      | Found a stormy altar of Qazlal.
  6268 | D:6      | Found a blossoming altar of Fedhas.
  6495 | D:6      | Reached skill level 5 in Fighting
  6977 | D:6      | Reached skill level 8 in Dodging
  6977 | D:6      | Reached XP level 9. HP: 5/68 MP: 2/12
  7280 | D:6      | Learned a level 4 spell: Throw Icicle
  7426 | D:6      | Found a white marble altar of Elyvilon.
  7984 | D:7      | Reached skill level 1 in Polearms
  7984 | D:7      | Reached skill level 1 in Invocations
  7989 | D:7      | Got a heavily runed ring mail
  8148 | D:7      | Received a gift from Nemelex Xobeh
  8509 | D:7      | Found an iron altar of Okawaru.
  8511 | D:7      | Found a shadowy altar of Dithmenos.
  8687 | D:8      | Reached skill level 1 in Evocations
  9226 | D:8      | Identified the cursed +1 ring mail of Marbles {rC+++ Int+5
                  | Stlth-} (You found it on level 7 of the Dungeon)
  9314 | D:8      | Learned a level 4 spell: Summon Ice Beast
  9458 | D:8      | Noticed Prince Ribbit
  9483 | D:8      | Killed Prince Ribbit
  9596 | D:8      | Noticed Psyche
  9605 | D:8      | Killed Psyche
  9768 | D:8      | Found a shattered altar of Ashenzari.
 10148 | D:9      | Reached skill level 9 in Dodging
 10151 | D:9      | Reached XP level 10. HP: 73/77 MP: 10/14
 10253 | D:9      | Found a staircase to the Lair.
 10584 | D:9      | Killed from afar by an orc priest

Skill      XL: |  1  2  3  4  5  6  7  8  9 10 |
---------------+-------------------------------+-----
Dodging        | 3 4 5 6 8 9 |  9.3
Ice Magic      | 4 5 7 8 |  8.1
Conjurations   | 1 2 |  2.0
Fighting       | 1 2 3 5 6 |  6.8
Charms         | 1 2 3 4 |  4.0
Armour         | 1 2 |  2.0
Stealth        | 3 |  3.0
Polearms       | 4 |  4.9
Invocations    | 3 |  3.9
Evocations     | 2 3 |  3.1
Spellcasting   | 3 |  3.0

Action                   |  1- 3 |  4- 6 |  7- 9 | 10-12 || total
-------------------------+-------+-------+-------+-------++-------
Melee: Unarmed           |     7 |    26 |       |       ||    33
       War axe           |       |    18 |    62 |       ||    80
       Trident           |       |       |   207 |    59 ||   266
       Spear             |       |       |    19 |       ||    19
 Cast: Freeze            |    52 |   102 |   126 |    33 ||   313
       Throw Frost       |       |     3 |    28 |     2 ||    33
       Ozocubu's Armour  |       |       |     3 |       ||     3
Evoke: Deck              |       |       |     3 |       ||     3
  Use: Scroll            |       |     6 |    14 |       ||    20
 Stab: Sleeping          |       |     1 |     1 |       ||     2
  Eat: Chunk             |     3 |    10 |    18 |     2 ||    33
       Ration            |       |       |     1 |       ||     1
Armor: Robe              |     6 |       |       |       ||     6
       Leather armour    |     1 |    33 |    58 |       ||    92
       Ring mail         |       |       |    22 |    28 ||    50
Dodge: Dodged            |    38 |    99 |   307 |    68 ||   512
